 Dungeon Crawl Stone Soup version 0.17-a0-1923-gc35365e (webtiles) character file.

216 graki42 the Cutter (level 6, -1/43 HPs)
             Began as a Halfling Berserker on Sept 28, 2015.
             Was a Priest of Trog.
             Slain by a worm (5 damage)
             ... on level 4 of the Dungeon.
             The game lasted 00:09:10 (2031 turns).

graki42 the Cutter (Halfling Berserker)             Turns: 2031, Time: 00:09:10

Health: -1/43      AC:  5    Str: 14    XL:     6   Next: 16%
Magic:  6/6        EV: 14    Int:  6    God:    Trog [***...]
Gold:   101        SH:  0    Dex: 16    Spells: 0 memorised, 5 levels left

rFire  + . .     SeeInvis .     m - +2 whip (elec)
rCold  . . .     Clarity  .     j - +0 ring mail (curse)
rNeg   . . .     SustAt   .     (shield restricted)
rPois  .         Gourm    .     (no helmet)
rElec  .         Spirit   .     (no cloak)
rCorr  .         Warding  .     (no gloves)
rMut   .         Stasis   .     (no boots)
MR     .....                    (no amulet)
Stlth  +.........               v - -3 ring of strength (curse)
                                l - ring of protection from fire

@: exhausted, not resistant to hostile enchantments, very unstealthy
A: mutation resistance 1
a: Burn Spellbooks, Berserk, Trog's Hand, Renounce Religion


You were on level 4 of the Dungeon.
You worshipped Trog.
Trog was most pleased with you.
You were near starving.

You visited 1 branch of the dungeon, and saw 4 of its levels.

You collected 101 gold pieces.

Inventory:

Hand weapons
 m - a +2 whip of electrocution (weapon)
 r - a +2 dagger of holy wrath
Armour
 j - a cursed +0 ring mail (worn)
Jewellery
 l - a ring of protection from fire (left hand)
 v - a cursed -3 ring of strength (right hand)
Scrolls
 b - 7 scrolls of identify {unknown}
 d - 2 scrolls of immolation {unknown}
 f - a scroll of fog {unknown}
 h - a scroll of teleportation {unknown}
 q - a scroll of enchant armour {unknown}
 s - a scroll of random uselessness {unknown}
Potions
 e - a potion of ambrosia {unknown}
 g - 2 potions of magic {unknown}
 k - a potion of brilliance {unknown}
 o - a potion of haste {unknown}
 p - 2 potions of curing {unknown}
Comestibles
 a - 4 fruits
 c - 2 bread rations
 i - a slice of pizza
 n - a meat ration


   Skills:
 + Level 3.9 Fighting
 + Level 4.5 Short Blades
 + Level 0.8 Maces & Flails
 + Level 3.5 Armour
 + Level 3.4 Dodging
 * Level 1.7 Stealth


You had 5 spell levels left.
You didn't know any spells.

Dungeon Overview and Level Annotations

Branches:
Dungeon (4/15)
 Temple: D:4-7

Altars:

Portals:
Ossuary: D:4


Innate Abilities, Weirdness & Mutations

You are small and have problems with some larger weapons.
You are somewhat resistant to further mutation.


Message History

You barely miss the hound skeleton. The hound skeleton misses you.
The hound skeleton bites you but does no damage.
You hit the hound skeleton.
The hound skeleton bites you but does no damage.
The hound skeleton closely misses you.
You hit the hound skeleton.
There is a sudden explosion of sparks!
You destroy the hound skeleton!
You hit the adder.
There is a sudden explosion of sparks!
You kill the adder!
Trog accepts your kill.
Use which ability?
Okay, then.
You hit the worm but do no damage. The worm bites you but does no damage.
You hit the worm.
The worm is lightly wounded.
The worm bites you!
* * * LOW HITPOINT WARNING * * *
You feel yourself speed up. The worm bites you.
You die...

******,,,,,,,...+,,,#........
*,,,......***#..#,,,#......>.
*****,,,......+,,#..##**#.#......
,,,,+,,,....#.*,,#...+,,#.#......
*****,,,,.....####...#,,#.#......
*,,,,,,,,..........####.#,.....
***,,,**###+#.............#,.....
,,,,,,,*............#######,,....
*,,,,,,*........@...# *,,,,,,
*,,,,,,*.......w....######**,,,,,
*,,,,,,*..................,,,,,,,
*,,,,,,*..............####**,,,,,
*,,,,,,*..........∩...# *,,,,,,,,
*,,,,,,*.........)...## *,*******
******,*.....).†.....# *,*
*,*.....#.###..## *,* *,*.....#.*
#.## *,*


You could see a worm.

Vanquished Creatures
  A giant frog skeleton (D:4)
  A worker ant (D:3)
  An iguana (D:4)
  A hound skeleton (D:4)
  3 gnolls (D:3)
  4 adders
  An ooze (D:2)
  A giant gecko (D:1)
  An orc (D:3)
  5 giant cockroaches
  11 goblins
  7 hobgoblins
  5 kobolds
  A ball python (D:2)
  4 bats
  8 giant newts
  6 jackals
  9 rats
70 creatures vanquished.

Notes
Turn   | Place    | Note
--------------------------------------------------------------
     0 | D:1      | graki42 the Halfling Berserker began the quest for the Orb.
     0 | D:1      | Reached XP level 1. HP: 15/15 MP: 1/1
   181 | D:1      | Reached XP level 2. HP: 16/20 MP: 2/2
   550 | D:1      | Reached XP level 3. HP: 21/26 MP: 3/3
   554 | D:1      | Acquired Trog's second power
  1294 | D:2      | Reached XP level 4. HP: 28/31 MP: 4/4
  1796 | D:3      | Reached XP level 5. HP: 21/37 MP: 5/5
  1929 | D:3      | Reached skill level 1 in Stealth
  1944 | D:3      | You fall through a shaft!
  2001 | D:4      | Reached XP level 6. HP: 8/43 MP: 6/6
  2007 | D:4      | Found a sand-covered staircase.
  2031 | D:4      | Slain by a worm

Vault maps used:
D:1:      tarquinn_simple_flora_water_b, st_stairs_10
D:2:      first_bread
D:3:      minmay_door_path, st_stairs_7, uniq_natasha, uniq_grinder
D:4:      corexii_shack_village, temple_fountains, enter_ossuary_1,
          kennysheep_diamond

Action                   |  1- 3 |  4- 6 || total
-------------------------+-------+-------++-------
Melee: Short sword       |    20 |       ||    20
       Dagger            |   100 |       ||   100
       Whip              |     5 |   100 ||   105
Invok: Berserk           |     1 |     1 ||     2
  Use: Scroll            |       |     3 ||     3
  Eat: Chunk             |     2 |     2 ||     4
